 Dungeon Sprint DCSS version bcrawl-1.31 (webtiles) character file.

Game seed: 12216229171878957705

85519 Groucho the Chopper (level 2, 0/26 HPs)
             Began as a Sand Dwarf Skald on Apr 9, 2021.
             Was an Initiate of Cheibriados.
             Slain by a centaur warrior (11 damage)
             ... in the Dungeon (Sprint IX: "|||||||||||||||||||||||||||||").
             The game lasted 00:01:29 (798 turns).

Groucho the Chopper (Sand Dwarf Skald)               Turns: 798, Time: 00:01:29

Health: 0/26       AC:  9    Str: 16    XL:     2   Next: 45%
Magic:  4/5        EV: 13    Int: 20    God:    Cheibriados [......]
Gold:   0          SH:  4    Dex: 11    Spells: 2/5 levels left

rFire    . . .     SeeInvis .   a - +0 war axe
rCold    . . .     Gourm    .   (shield restricted)
rNeg     . . .     Faith    .   s - +2 ring mail
rPois    .         Spirit   .   (no helmet)
rElec    .         Reflect  .   p - +0 cloak
rCorr    .         Harm     .   o - +0 pair of gloves
MR       .....     NoTele   +   (no boots)
Stlth    +.........             (no amulet)
HPRegen  0.08/turn              q - +3 ring of intelligence
MPRegen  0.09/turn              r - +3 ring of intelligence

@: singing, very slow
A: small, slowness 1, armour attunement
a: Bend Time, Renounce Religion


You were in the Dungeon.
You worshipped Cheibriados.
Cheibriados was noncommittal.
You were not hungry.

You visited 1 branch

Inventory:

Hand Weapons
 a - a +0 war axe (weapon)
Armour
 o - a +0 pair of gloves (worn)
 p - a +0 cloak (worn)
 s - a +2 ring mail (worn)
Jewellery
 q - a +3 ring of intelligence (left hand)
 r - a +3 ring of intelligence (right hand)
Wands
 n - a wand of iceblast (10)
Scrolls
 d - a scroll of fear
 k - 2 scrolls of blinking
 l - 3 scrolls of remove curse
 m - 2 scrolls of amnesia
Potions
 c - a potion of invisibility
 f - 5 potions of curing
 g - 3 potions of heal wounds
 h - a potion of haste
 i - 4 potions of magic
 j - a potion of berserk rage


   Skills:
 * Level 3.5 Fighting
 * Level 3.5 Axes
 * Level 2.7 Armour
 + Level 2.3 Dodging
 + Level 2.3 Spellcasting
 + Level 3.3 Charms
 + Level 0.1 Invocations


You had 2 spell levels left.
You knew the following spells:

 Your Spells              Type           Power        Failure   Level  Hunger
a - Infusion              Chrm           ###.....     3%          1    None
b - Song of Slaying       Chrm           ###.....     6%          2    ##.....

Your spell library contained the following spells:

 Spells                   Type           Power        Failure   Level  Hunger
 Swiftness                Chrm/Air       #.......     12%         2    ##.....
 Ozocubu's Armour         Chrm/Ice       #.......     22%         3    ####...
 Regeneration             Chrm/Necr      #.........   22%         3    ####...
 Spectral Weapon          Hex/Chrm       #.......     22%         3    ####...


Dungeon Overview and Level Annotations

Branches:
Dungeon (1/1)

Altars:
Cheibriados
Dithmenos
Elyvilon
Fedhas
Gozag
Hepliaklqana
Kikubaaqudgha
Lugonu
Makhleb
Nemelex Xobeh
Okawaru
Qazlal
Ru
Sif Muna
Trog
Uskayaw
Vehumet
Wu Jian
Xom
Yredelemnul
Zin
The Shining One
Beogh
Jiyva


Innate Abilities, Weirdness & Mutations

You are small and have problems with some larger weapons.
You cover ground slowly.
Armour does not affect your spellcasting.


Message History

You closely miss the orc.
The orc is moderately wounded.
The orc barely misses you.
You slash the orc!
You kill the orc!
Cheibriados thoroughly appreciates the change of pace.
The centaur warrior hits you. x2
There is an open door to the Dungeon here.
Things that are here:
a +0 club; a +0 leather armour; an orc corpse You slash the centaur warrior!
The centaur warrior is lightly wounded.
The centaur warrior hits you. The centaur warrior misses you.
You slash the centaur warrior!
The centaur warrior is moderately wounded.
The centaur warrior barely misses you. The centaur warrior hits you.
You slash the centaur warrior!
The centaur warrior is moderately wounded.
The centaur warrior misses you. The centaur warrior hits you!
You die...

▓+▓
▓.▓
▓Z▓
▓F▓
▓h▓
▓o▓
▓c▓
▓@▓
▓.▓
▓.▓
▓[▓
▓.▓
▓.▓
▓)▓
▓|▓
▓.▓


You could see a centaur warrior, a bullfrog, a hound, an orc and a quokka
skeleton.

Vanquished Creatures
  A leopard gecko (D)
  An orc (D)
  3 giant cockroaches (D)
  A goblin (D)
  A jackal (D)
  A kobold (D)
  A ball python skeleton (D)
  A giant cockroach zombie (D)
  A rat (D)
11 creatures vanquished.

Notes
Turn   | Place    | Note
-------+----------+-------------------------------------------
     0 | D        | Groucho the Sand Dwarf Skald began the quest for the Orb.
     0 | D        | Reached XP level 1. HP: 18/18 MP: 3/3
   332 | D        | Reached XP level 2. HP: 26/26 MP: 5/5
   504 | D        | Found a roughly hewn altar of Beogh.
   504 | D        | Found a snail-covered altar of Cheibriados.
   504 | D        | Found a shadowy altar of Dithmenos.
   504 | D        | Found a white marble altar of Elyvilon.
   504 | D        | Found a blossoming altar of Fedhas.
   504 | D        | Found an opulent altar of Gozag.
   505 | D        | Found a hazy altar of Hepliaklqana.
   506 | D        | Found a viscous altar of Jiyva.
   507 | D        | Found an ancient bone altar of Kikubaaqudgha.
   508 | D        | Became a worshipper of Cheibriados the Contemplative
   509 | D        | Found a corrupted altar of Lugonu.
   510 | D        | Found a burning altar of Makhleb.
   511 | D        | Found a sparkling altar of Nemelex Xobeh.
   512 | D        | Found an iron altar of Okawaru.
   513 | D        | Found a stormy altar of Qazlal.
   514 | D        | Found a sacrificial altar of Ru.
   515 | D        | Found a shimmering blue altar of Sif Muna.
   516 | D        | Found a bloodstained altar of Trog.
   517 | D        | Found a hide-covered altar of Uskayaw.
   518 | D        | Found a radiant altar of Vehumet.
   519 | D        | Found an ornate altar of the Wu Jian Council.
   520 | D        | Found a shimmering altar of Xom.
   521 | D        | Found a basalt altar of Yredelemnul.
   522 | D        | Found a glowing silver altar of Zin.
   523 | D        | Found a glowing golden altar of the Shining One.
   578 | D        | Learned a level 2 spell: Song of Slaying
   791 | D        | Noticed a bullfrog
   791 | D        | Noticed a centaur warrior
   798 | D        | Slain by a centaur warrior

Skill      XL: |  1 |
---------------+----+-----
Axes           | 3 |  3.5
Armour         | 2 |  2.7
Fighting       | 3 |  3.5
Dodging        | 2 |  2.3
Spellcasting   | |  2.3
Charms         | |  3.3
Invocations    | |  0.1

Action                   || total
-------------------------++-------
Melee: War axe           ||    40
 Cast: Song of Slaying   ||     1
  Eat: Ration            ||     1
Armor: Leather armour    ||    10
Dodge: Dodged            ||    31
